 Dungeon Crawl Stone Soup version 0.29.1-2-gbd0b4ee654 (webtiles) character file.

Game seed: 635652667638141865

278 qeuew the Shooter (level 6, 0/32 HPs)
             Began as a Spriggan Hunter on Nov 2, 2022.
             Constricted to death by Ijyb (3 damage)
             ... on level 4 of the Dungeon.
             The game lasted 00:05:12 (2192 turns).

qeuew the Shooter (Spriggan Hunter)                 Turns: 2192, Time: 00:05:12

Health: 0/32       AC:  2    Str:  7    XL:     6   Next: 5%
Magic:  7/7        EV: 20    Int: 11    God:
Gold:   155        SH:  0    Dex: 20    Spells: 5/5 levels left

rFire   . . .      SeeInvis +   d - +0 short sword
rCold   . . .      Faith    .   (no shield)
rNeg    . . .      Spirit   .   c - +0 robe
rPois   .          Reflect  .   (helmet restricted)
rElec   .          Harm     .   (no cloak)
rCorr   .          Rampage  .   (gloves unavailable)
Will    +....      Clarity  +   (boots unavailable)
Stlth   +++.......              (no amulet)
HPRegen 0.10/turn               g - +4 ring of evasion
MPRegen 0.10/turn               (no ring)

@: grasped by roots, constricted, very quick
A: very small, no large weapons, unfitting armour, see invisible, speed 3,
clarity
a: no special abilities


You were on level 4 of the Dungeon.
You visited 1 branch of the dungeon, and saw 4 of its levels.

You collected 155 gold pieces.

Inventory:

Hand Weapons
 a - a +0 shortbow
 d - a +0 short sword (weapon)
Armour
 c - a +0 robe (worn)
Jewellery
 b - a ring of protection from cold
 g - a +4 ring of evasion (left hand)
Scrolls
 j - a scroll of fear
Potions
 e - a potion of curing
 f - a potion of heal wounds
 h - 2 potions of mutation
 i - 2 potions of ambrosia {unknown}


   Skills:
 + Level 2.5 Fighting
 + Level 2.2 Short Blades
 * Level 5.3 Ranged Weapons
 + Level 4.1 Dodging
 + Level 4.3 Stealth


You had 5 spell levels left.
You didn't know any spells.
Your spell library contained the following spells:

 Spells                   Type           Power      Damage    Failure   Level
 Petrify                  Tmut/Erth      0%         N/A       98%         4
 Metabolic Englaciation   Hex/Ice        0%         N/A       100%        5
 Statue Form              Tmut/Erth      0%         N/A       100%        6


Dungeon Overview and Level Annotations

Branches:
Dungeon (4/15)
 Temple: D:4-7

Altars:

Annotations:
D:4 Ijyb


Innate Abilities, Weirdness & Mutations

You are very small and have problems with some larger weapons.
You are too small for most types of armour.
You have supernaturally acute eyesight. (SInv)
You cover ground extremely quickly. (Speed+++)
You possess an exceptional clarity of mind.


Message History

You shoot an arrow. The arrow barely misses Ijyb.
You shoot an arrow. The arrow closely misses Ijyb.
Ijyb hits you with a +0 club.
You shoot an arrow. The arrow hits Ijyb but does no damage.
Ijyb is heavily wounded.
Ijyb closely misses you.
You shoot an arrow. The arrow closely misses Ijyb.
Ijyb hits you but does no damage. Ijyb completely misses you.
You shoot an arrow. The arrow barely misses Ijyb.
Ijyb misses you.
You shoot an arrow. The arrow hits Ijyb!
Ijyb is almost dead.
Ijyb zaps a wand.
The roots erupt in riotous growth!
The grasping roots grab you!
Ijyb is unaffected.
The grasping roots constrict you.
You shoot an arrow. The arrow hits Ijyb.
Ijyb is almost dead.
Ijyb completely misses you. The grasping roots constrict you.
You shoot an arrow. The arrow hits Ijyb but does no damage.
Ijyb is almost dead.
Ijyb closely misses you. The grasping roots constrict you.
The grasping roots release their grip on you.
You shoot an arrow. The arrow barely misses Ijyb.
Ijyb zaps a wand.
The roots erupt in riotous growth!
The grasping roots grab you!
Ijyb is unaffected.
The grasping roots constrict you. Ijyb completely misses you.
The grasping roots constrict you.
You are too injured to fight recklessly!
You are too injured to fight recklessly!
Okay, then.
d - a +0 short sword (weapon)
You hit Ijyb but do no damage.
Ijyb is almost dead.
Ijyb hits you with a +0 club. The grasping roots constrict you.
* * * LOW HITPOINT WARNING * * *
You hit Ijyb but do no damage.
Ijyb is almost dead.
Ijyb hits you with a +0 club.
* * * LOW HITPOINT WARNING * * *
The grasping roots constrict you.
You die...

### #### ##.#
#..# ########..#
##..#
.........##
##...##
......g@..##
##.....#
#..)..###..##
##....... #....
##..####....##..
....
##..........###
...
##.........###
.. ##....###..##
. #...## ##..#
##....# ##.. .##
#.....## ##.


You could see Ijyb.

Vanquished Creatures
  Grinder (D:3)
  2 adders (D:2)
  4 worms
  A dart slug (D:3)
  A ball python (D:3)
  8 endoplasms
  2 giant cockroaches
  5 goblins
  5 hobgoblins
  2 jackals (D:3)
  3 bats
  3 frilled lizards
  3 kobolds
  3 rats
43 creatures vanquished.

Notes
Turn   | Place    | Note
-------+----------+-------------------------------------------
     0 | D:1      | qeuew the Spriggan Hunter began the quest for the Orb.
     0 | D:1      | Reached XP level 1. HP: 10/10 MP: 2/2
   823 | D:1      | Gained mutation: You possess an exceptional clarity of
                  | mind. [potion of mutation]
   910 | D:2      | Reached XP level 2. HP: 15/15 MP: 3/3
  1116 | D:2      | Reached XP level 3. HP: 12/18 MP: 4/4
  1529 | D:3      | Found a faded altar of an unknown god.
  1574 | D:3      | Reached skill level 1 in Short Blades
  2013 | D:3      | Noticed Grinder
  2041 | D:3      | Killed Grinder
  2042 | D:3      | Reached skill level 5 in Ranged Weapons
  2042 | D:3      | Reached XP level 4. HP: 23/23 MP: 5/5
  2042 | D:3      | Reached XP level 5. HP: 27/27 MP: 6/6
  2042 | D:3      | Reached XP level 6. HP: 32/32 MP: 7/7
  2177 | D:4      | Noticed Ijyb
  2192 | D:4      | Constricted to death by Ijyb

Illustrated notes

Levels and vault maps discovered:
D:1:      giann_wishing_wells, layout_basic
D:2:      layout_rooms
D:3:      layout_basic, nicolae_ecumenical_oubliette, small_statue_intersection,
          uniq_grinder
D:4:      cheibrodos_old_hovel, layout_layer_cave, uniq_ijyb

Skill      XL: |  1  2  3 |
---------------+----------+-----
Stealth        | 2 3 4 |  4.3
Dodging        | 3 4 |  4.1
Fighting       | 2 |  2.5
Short Blades   | 2 |  2.2
Ranged Weapons | 5 |  5.3

Action                   |  1- 3 |  4- 6 || total
-------------------------+-------+-------++-------
Melee: Short sword       |       |     2 ||     2
 Fire: Shortbow          |   100 |    33 ||   133
  Use: Scroll            |     4 |       ||     4
       Potion            |     4 |       ||     4
Armor: Robe              |     2 |     3 ||     5
Dodge: Dodged            |    23 |    13 ||    36
